 Dungeon Crawl Stone Soup version 0.24-a0-284-g9fb9971 (webtiles) character file.

Game seed: 9570457491036172201

11544 mhoghedin the Grappler (level 11, -4/92 HPs)
             Began as a Demigod Transmuter on May 4, 2019.
             Slain by a six-headed hydra (7 damage)
             ... while petrified by a basilisk
             ... on level 1 of the Lair of Beasts.
             The game lasted 00:37:15 (11838 turns).

mhoghedin the Grappler (Demigod Transmuter)        Turns: 11838, Time: 00:37:16

Health: -4/92      AC:  4    Str: 21    XL:     11   Next: 26%
Magic:  21/21      EV:  2    Int: 17    God:
Gold:   364        SH:  0    Dex: 16    Spells: 2/19 levels left

rFire    . . .     SeeInvis .     - Unarmed
rCold    . . .     Gourm    .   i - +2 buckler
rNeg     + + +     Faith    .   z - +1 robe "Dabbiry" {Regen+ Str+2}
rPois    ∞         Spirit   .   w - +0 helmet
rElec    .         Reflect  .   q - scarf {cloud immunity}
rCorr    .         Harm     .   (no gloves)
MR       +....                  (no boots)
Stlth    +.........             f - amulet of regeneration {+regen, !d}
HPRegen  1.05/turn              A - ring of positive energy {rN+}
MPRegen  0.17/turn              C - ring of wizardry {Wiz+, !d}

@: petrified
A: high mp 1
a: no special abilities


You were on level 1 of the Lair of Beasts.
You were very hungry.

You visited 2 branches of the dungeon, and saw 10 of its levels.

You collected 549 gold pieces.
You spent 185 gold pieces at shops.

Inventory:

Missiles
 a - 127 arrows
 G - 4 curare-tipped needles
Armour
 i - a +2 buckler (worn)
   (You found it on level 1 of the Dungeon)
 q - a scarf of cloud immunity (worn)
   (You found it on level 8 of the Dungeon)
 w - a +0 helmet (worn)
   (You found it on level 5 of the Dungeon)
 z - the +1 robe "Dabbiry" (worn) {Regen+ Str+2}
   (You bought it in a shop on level 4 of the Dungeon)

   It affects your strength (+2).
   It increases your rate of regeneration.
 B - the cursed +0 large shield "Luihous" {Str+3}
   (You took it off an orc on level 7 of the Dungeon)

   It affects your strength (+3).
   It has a curse placed upon it.
Jewellery
 c - an uncursed ring of flight {+Fly, !d}
   (You found it on level 6 of the Dungeon)
 f - an amulet of regeneration (around neck) {+regen, !d}
   (You found it on level 2 of the Dungeon)
 o - an uncursed ring of ice {rC+, rF-}
   (You found it on level 5 of the Dungeon)
 x - an uncursed amulet of magic regeneration
   (You found it on level 7 of the Dungeon)
 A - a ring of positive energy (left hand) {rN+}
   (You found it on level 7 of the Dungeon)
 C - a ring of wizardry (right hand) {Wiz+, !d}
   (You found it on level 9 of the Dungeon)
Wands
 r - a wand of random effects (26)
   (You took it off an orc on level 3 of the Dungeon)
 s - a wand of iceblast (1)
   (You found it on level 3 of the Dungeon)
 t - a wand of flame (18)
   (You found it on level 6 of the Dungeon)
 y - a wand of paralysis (9)
   (You found it on level 7 of the Dungeon)
Scrolls
 g - 2 scrolls of blinking {!r}
 l - a scroll of fog
 m - 2 scrolls of identify
 n - 14 scrolls of remove curse
 p - a scroll of fear {unknown}
 u - 2 scrolls of enchant weapon
 D - a scroll of random uselessness {unknown}
 F - a scroll of torment {unknown}
Potions
 b - a potion of mutation {!q}
 e - 3 potions of flight
 h - 3 potions of magic
 j - a potion of brilliance
 k - 4 potions of curing
 v - 2 potions of heal wounds
 E - a potion of invisibility {unknown}
Comestibles
 d - 12 rations


   Skills:
 + Level 7.3 Fighting
 + Level 7.3 Dodging
 - Level 4.0 Shields
 + Level 8.9 Unarmed Combat
 - Level 4.5 Spellcasting
 - Level 8.4 Transmutations
 - Level 1.9 Ice Magic


You had 2 spell levels left.
You knew the following spells:

 Your Spells              Type           Power        Failure   Level  Hunger
a - Beastly Appendage     Tmut           ####..       1%          1    None
b - Ice Form              Ice/Tmut       ###.....     7%          4    ####...
c - Spider Form           Tmut/Pois      ###.......   3%          3    ###....
d - Blink                 Tloc           N/A          9%          2    ##.....
s - Sticks to Snakes      Tmut           ####....     1%          2    ##.....
x - Blade Hands           Tmut           ####......   5%          5    ######.

Your spell library contained the following spells:

 Spells                   Type           Power        Failure   Level  Hunger
 Magic Dart               Conj           #...         6%          1    None
 Call Imp                 Summ           #.......     9%          2    ##.....
 Slow                     Hex            #.......     9%          2    ##.....
 Conjure Flame            Conj/Fire      #.......     17%         3    ###....
 Mephitic Cloud           Conj/Pois/Air  #.......     17%         3    ###....


Dungeon Overview and Level Annotations

Branches:
Dungeon (9/15)             Temple (0/1) D:4            Lair (1/6) D:9
    Orc (0/2) D:9

Shops:
D:4 [   D:9 :


Innate Abilities, Weirdness & Mutations

You have an increased reservoir of magic. (+10% MP)


Message History

You start resting.
Health restored: 92; MP restored: 21
There is a staircase to the Lair, spattered with blood here.
You climb downwards.
Welcome back to the Lair of Beasts!
A yak comes into view.
The yak bellows!
The wolf howls!
You hear a bellow!
The wolf bites you but does no damage. The wolf barely misses you.
You block the river rat's attack. The rat bites you.
A basilisk comes into view.
The wolf closely misses you. The river rat closely misses you.
The basilisk hisses angrily.
There is a staircase back to the Dungeon, spattered with blood here.
You take 3 damage, and have 89/92 hp.
The wolf misses you. The rat closely misses you. The basilisk gazes at you.
You easily resist.
The river rat misses you. The wolf closely misses you.
You climb upwards.
Welcome back to the Dungeon!
There is a staircase to the Lair, spattered with blood here.
Health restored: 92 You turn into a creature of crystalline ice.
Your scarf of cloud immunity melds into your body.
Your +0 helmet melds into your body.
Your +2 buckler melds into your body.
The +1 robe "Dabbiry" {Regen+ Str+2} melds into your body.
You feel vulnerable to the effects of clouds.
You are feeling very hungry.
The rat bites you. The wolf bites you. The river rat misses you.
You now have 103/110 hp.
You closely miss the wolf. The wolf barely misses you.
The rat barely misses you. The river rat bites you!
The wolf closely misses you.
You take 9 damage, and have 94/110 hp.
You closely miss the wolf. The rat closely misses you.
The wolf closely misses you. The river rat completely misses you.
You punch the wolf! You freeze the wolf. The wolf bites you.
The rat barely misses you. The wolf bites you!
You take 11 damage, and have 84/110 hp.
You pummel the wolf!! You freeze the wolf.
You kill the wolf!
The river rat closely misses you. The rat barely misses you.
You hit the river rat. You freeze the river rat.
The river rat barely misses you. The rat closely misses you.
You hit the river rat. You freeze the river rat.
You kill the river rat!
The rat closely misses you.
You pummel the rat!! You freeze the rat.
You kill the rat!
No target in view!
You start resting.
Your transformation is almost over.
You regained 19 hp, and now have 106/110 hp.
MP restored: 21 Unknown command.
You climb downwards.
Welcome back to the Lair of Beasts!
A hydra and a yak come into view.
The yak gores you but does no damage. The basilisk gazes at you.
You are slowing down.
There is a staircase back to the Dungeon, spattered with blood here.
The yak gores you but does no damage. The basilisk gazes at you.
You easily resist.
The yak closely misses you.
You have turned to stone.
The yak gores you. x3
The six-headed hydra roars!
The yak gores you! x2
You warm up again.
Your scarf of cloud immunity unmelds from your body.
Your +0 helmet unmelds from your body.
Your +2 buckler unmelds from your body.
The +1 robe "Dabbiry" {Regen+ Str+2} unmelds from your body.
You feel immune to the effects of clouds.
The basilisk gazes at you. The yak gores you. The yak gores you!
The basilisk gazes at you. The yak gores you! The yak gores you!
The basilisk gazes at you.
You easily resist.
The six-headed hydra bites you! x2
The six-headed hydra bites you but does no damage.
The six-headed hydra bites you!
The six-headed hydra bites you but does no damage.
The six-headed hydra bites you! The yak gores you!
The six-headed hydra bites you!
* * * LOW HITPOINT WARNING * * *
The six-headed hydra bites you.
* * * LOW HITPOINT WARNING * * *
The six-headed hydra bites you.
* * * LOW HITPOINT WARNING * * *
The six-headed hydra bites you. x2
* * * LOW HITPOINT WARNING * * *
The six-headed hydra bites you!
* * * LOW HITPOINT WARNING * * *
The yak gores you!
* * * LOW HITPOINT WARNING * * *
The six-headed hydra bites you.
* * * LOW HITPOINT WARNING * * *
The six-headed hydra completely misses you.
The six-headed hydra bites you but does no damage.
The six-headed hydra bites you!
* * * LOW HITPOINT WARNING * * *
The six-headed hydra bites you!
You die...

%..⌠.....###......## #.
........####.......# #.
.⌠...⌠.#..........##############.
......!##........................
...⌠....###P##...................
......!..### #...................
.#.#.#....####...................
....#.#..Y..............##
.⌠...PYD@l###########..#
..#......# #..# #+##.#..r.## #..#
#.........P# #..# #.#####.....#
...# #r...## #..# #....# #..#
.....# #..# .####.#


You could see a six-headed hydra, 2 yaks, a basilisk, a hell rat (wandering) and
a rat.

Vanquished Creatures
  A hydra (Lair:1)
  2 two-headed ogres (D:9)
  The ghost of Ds27 the Chopper, a novice DsBe of Trog (D:6)
  The ghost of erloom the Transmogrifier, a novice MfTm (D:6)
  The ghost of Aske the Cutter, a novice HaBe of Trog (D:6)
  The ghost of Yorgos the Infuser, a novice SpSk of Dithmenos (D:6)
  The ghost of DEFE the Covert, a novice OpEE (D:6)
  A black mamba (D:9)
  A spiny frog (D:9)
  A hippogriff (D:7)
  2 yaks (D:9)
  Grum (D:8)
  A hungry ghost (D:9)
  A two-headed ogre zombie (D:9)
  3 water moccasins
  Duvessa (D:5)
  4 porcupines
  A sky beast (D:5)
  5 phantoms
  An ice beast (D:6)
  3 orc warriors
  2 ogres
  5 wolves
  3 centaurs
  2 crocodiles (D:9)
  2 big kobolds
  4 bullfrogs
  A wyvern zombie (D:7)
  Dowan (D:5)
  4 scorpions
  6 killer bees (D:7)
  A troll zombie (D:9)
  5 howler monkeys (D:7)
  9 wights
  A quasit (D:7)
  3 crimson imps
  A jelly (D:8)
  A gnoll shaman (D:7)
  8 orc priests
  A bullfrog skeleton (D:8)
  4 hounds
  A centaur skeleton (D:6)
  4 iguanas
  8 orc wizards
  6 worker ants
  4 hell rats (D:9)
  6 ogre zombies (D:9)
  A hound zombie (D:8)
  A hound skeleton (D:5)
  12 gnolls
  5 adders
  2 river rats (D:9)
  A shadow imp (D:4)
  2 oozes
  An adder skeleton (D:4)
  An adder zombie (D:5)
  5 worms
  A dart slug (D:1)
  5 leopard geckos
  31 orcs
  A ball python (D:2)
  4 bats
  3 giant cockroaches
  3 goblins
  4 hobgoblins
  17 jackals
  15 kobolds
  5 quokkas
  2 frilled lizards (D:2)
  2 goblin skeletons (D:9)
  A goblin zombie (D:9)
  4 hobgoblin zombies (D:9)
  A jackal skeleton (D:4)
  A leopard gecko skeleton (D:8)
  4 orc skeletons (D:9)
  12 orc zombies (D:9)
  5 rats
279 creatures vanquished.

Vanquished Creatures (collateral kills)
  A wight (D:5)
  2 gnolls
  An orc (D:3)
  2 jackals (D:5)
6 creatures vanquished.

Vanquished Creatures (others)
  3 fungi (D:9)
  A plant (D:9)
4 creatures vanquished.

Grand Total: 289 creatures vanquished

Notes
Turn   | Place    | Note
-------+----------+-------------------------------------------
     0 | D:1      | mhoghedin the Demigod Transmuter began the quest for the
                  | Orb.
     0 | D:1      | Reached XP level 1. HP: 15/15 MP: 5/5
   114 | D:1      | Reached skill level 2 in Transmutations
   374 | D:1      | Reached skill level 3 in Unarmed Combat
   407 | D:1      | Reached XP level 2. HP: 22/22 MP: 5/7
   832 | D:1      | Learned a level 2 spell: Sticks to Snakes
  1112 | D:2      | Reached skill level 1 in Shields
  1122 | D:2      | Found a faded altar of an unknown god.
  1361 | D:2      | Reached XP level 3. HP: 25/27 MP: 6/8
  2102 | D:3      | Reached skill level 2 in Shields
  2271 | D:3      | Found a snail-covered altar of Cheibriados.
  2301 | D:3      | Reached XP level 4. HP: 32/34 MP: 6/9
  2601 | D:3      | HP: 8/34 [orc/+0 falchion (2)]
  2868 | D:3      | Reached skill level 4 in Unarmed Combat
  3392 | D:4      | HP: 8/34 [quokka (6)]
  3395 | D:3      | HP: 3/34 [quokka (4)]
  3405 | D:3      | HP: 3/34 [hound (1)]
  3415 | D:3      | Reached XP level 5. HP: 29/39 MP: 2/10
  3505 | D:4      | Reached skill level 3 in Shields
  3583 | D:4      | Found a staircase to the Ecumenical Temple.
  4165 | D:4      | Reached XP level 6. HP: 39/46 MP: 7/11
  4221 | D:4      | Reached skill level 5 in Unarmed Combat
  4259 | D:4      | Reached skill level 4 in Shields
  4300 | D:4      | Found Emagua's Armour Boutique.
  4305 | D:4      | Learned a level 3 spell: Spider Form
  4971 | D:4      | Reached skill level 3 in Transmutations
  5211 | D:5      | Entered Level 5 of the Dungeon
  5265 | D:5      | Reached skill level 4 in Transmutations
  5265 | D:5      | Reached XP level 7. HP: 47/51 MP: 10/12
  5348 | D:5      | Reached skill level 5 in Transmutations
  6137 | D:5      | Reached skill level 6 in Transmutations
  6298 | D:5      | Found a bloodstained altar of Trog.
  6300 | D:5      | Noticed Duvessa
  6300 | D:5      | Noticed Dowan
  6312 | D:5      | Killed Dowan
  6314 | D:5      | HP: 6/51 [Duvessa/+0 short sword (18)]
  6707 | D:6      | Found a runed translucent gate.
  6707 | D:6      | Found a runed translucent gate.
  6707 | D:6      | Found a runed translucent gate.
  6749 | D:6      | Reached skill level 1 in Fighting
  6784 | D:6      | Reached skill level 2 in Spellcasting
  6797 | D:6      | Learned a level 4 spell: Ice Form
  6842 | D:6      | Noticed DEFE's ghost (novice OpEE)
  6842 | D:6      | Noticed erloom's ghost (novice MfTm)
  6843 | D:6      | Noticed Yorgos's ghost (novice SpSk)
  6843 | D:6      | Noticed Aske's ghost (novice HaBe)
  6849 | D:6      | Noticed Ds27's ghost (novice DsBe)
  6873 | D:5      | HP: 6/52 [wight/cursed +4 dire flail of freezing (15)]
  6873 | D:5      | HP: 2/52 [wight/cursed +4 dire flail of freezing (4)]
  7310 | D:6      | HP: 12/53 [ice beast (2)]
  7310 | D:6      | HP: 4/53 [ice beast (8)]
  7311 | D:6      | Reached XP level 8. HP: 5/60 MP: 15/15
  7601 | D:5      | Killed Duvessa
  7622 | D:5      | Reached skill level 3 in Spellcasting
  7679 | D:4      | Bought the +1 robe "Dabbiry" {Regen+ Str+2} for 185 gold
                  | pieces
  7867 | D:6      | Found an ancient bone altar of Kikubaaqudgha.
  7941 | D:6      | Reached skill level 7 in Transmutations
  8157 | D:7      | Reached skill level 4 in Spellcasting
  8477 | D:7      | Noticed a hippogriff
  8494 | D:7      | Killed a hippogriff
  8494 | D:7      | Reached skill level 8 in Transmutations
  8529 | D:7      | Learned a level 5 spell: Blade Hands
  8541 | D:7      | Reached XP level 9. HP: 58/67 MP: 13/19
  8548 | D:7      | Reached skill level 1 in Ice Magic
  8552 | D:7      | Identified the cursed +0 large shield "Luihous" {Str+3}
  8702 | D:6      | Killed erloom's ghost
  8702 | D:6      | Reached skill level 2 in Fighting
  8702 | D:6      | Reached skill level 2 in Dodging
  8711 | D:6      | Killed Ds27's ghost
  8711 | D:6      | Reached skill level 3 in Fighting
  8711 | D:6      | Reached skill level 3 in Dodging
  8711 | D:6      | Reached skill level 6 in Unarmed Combat
  8725 | D:6      | Killed Aske's ghost
  8725 | D:6      | Reached skill level 4 in Fighting
  8725 | D:6      | Reached skill level 4 in Dodging
  8735 | D:6      | Killed Yorgos's ghost
  8739 | D:6      | HP: 18/72 [DEFE's ghost (7)]
  8742 | D:6      | Killed DEFE's ghost
  8742 | D:6      | Reached XP level 10. HP: 17/80 MP: 18/20
  8746 | D:6      | HP: 19/80 [poisoned by Yorgos's ghost]
  8751 | D:6      | HP: 20/80 [poisoned by Yorgos's ghost]
  9389 | D:8      | Reached skill level 7 in Unarmed Combat
  9403 | D:8      | Reached skill level 5 in Dodging
  9411 | D:8      | HP: 20/80 [centaur (1)]
  9412 | D:8      | Reached skill level 5 in Fighting
  9546 | D:8      | Noticed Grum
  9793 | D:8      | Killed Grum
 10193 | D:9      | Noticed a two-headed ogre
 10207 | D:9      | Killed a two-headed ogre
 10207 | D:9      | Reached skill level 6 in Fighting
 10207 | D:9      | Reached skill level 6 in Dodging
 10264 | D:9      | Found Ifaephec's Book Boutique.
 10266 | D:9      | Noticed a two-headed ogre
 10271 | D:9      | Killed a two-headed ogre
 10271 | D:9      | Reached skill level 8 in Unarmed Combat
 10517 | D:9      | Found a staircase to the Orcish Mines.
 10740 | D:9      | Learned a level 2 spell: Blink
 11006 | D:9      | Found a staircase to the Lair.
 11108 | Lair:1   | Entered Level 1 of the Lair of Beasts
 11158 | Lair:1   | Reached XP level 11. HP: 50/91 MP: 18/21
 11244 | Lair:1   | Noticed a five-headed hydra
 11258 | Lair:1   | Killed a five-headed hydra
 11401 | D:9      | Reached skill level 7 in Dodging
 11480 | D:9      | Reached skill level 7 in Fighting
 11828 | Lair:1   | Noticed a six-headed hydra
 11837 | Lair:1   | HP: 22/92 [six-headed hydra (2)]
 11837 | Lair:1   | HP: 10/92 [yak (7)]
 11838 | Lair:1   | HP: 3/92 [six-headed hydra (7)]
 11838 | Lair:1   | Slain by a six-headed hydra

Levels and vault maps discovered:
D:1:      dpeg_arrival_three_smaller_balls, layout_basic, serial_bayou_ford_a
D:2:      layout_basic, chequers_ecumenical_altar_simple_redux
D:3:      layout_basic, first_ration, cheibriados_altar_1
D:4:      layout_basic, temple_pool_b, serial_shops, shop
D:5:      layout_cave_pods, trog_three_pillars_becter, uniq_duvessa
D:6:      layout_rooms, nicolae_overflow_crystal_walls,
          gammafunk_ghost_cemetery, st_stairs_1, supply_closet_lemuel
D:7:      layout_cave_pods
D:8:      layout_rooms, uniq_grum
D:9:      layout_cave_pods, grunt_lair_entry_orc_guard_hut, zombieorc2_lemuel,
          serial_shops, shop_fountains
Lair:1:   layout_chaotic_city, kennysheep_abandoned_house, grunt_megastairs_4

Skill      XL: |  1  2  3  4  5  6  7  8  9 10 11 |
---------------+----------------------------------+-----
Transmutations | 2 4 6 8 |  8.4
Unarmed Combat | 3 4 5 6 8 |  8.9
Shields        | 1 2 3 4 |  4.0
Fighting       | 1 4 6 7 |  7.3
Spellcasting   | 2 4 |  4.5
Ice Magic      | 1 |  1.9
Dodging        | 4 6 7 |  7.3

Action                   |  1- 3 |  4- 6 |  7- 9 | 10-12 || total
-------------------------+-------+-------+-------+-------++-------
Melee: Unarmed           |    99 |   165 |   286 |   317 ||   867
       Dagger            |    12 |       |       |       ||    12
       Headbutt          |     8 |    18 |    15 |       ||    41
       Kick              |     4 |    27 |    47 |    21 ||    99
       Punch             |     1 |       |     1 |     6 ||     8
 Cast: Beastly Appendage |    16 |    29 |    27 |     8 ||    80
       Sticks to Snakes  |     4 |     6 |    12 |     3 ||    25
       Spider Form       |       |       |     4 |     1 ||     5
       Blade Hands       |       |       |     3 |    21 ||    24
       Ice Form          |       |       |       |     7 ||     7
       Blink             |       |       |       |     4 ||     4
 Abil: End Transformatio |       |       |     2 |       ||     2
Evoke: Wand              |       |     2 |     4 |     6 ||    12
  Use: Scroll            |     5 |       |     9 |     6 ||    20
       Potion            |       |     3 |     7 |     1 ||    11
 Stab: Sleeping          |     2 |       |       |     1 ||     3
  Eat: Chunk             |     1 |     9 |     2 |     9 ||    21
       Ration            |     1 |     1 |     3 |     3 ||     8
Armor: Robe              |    18 |    16 |    30 |    42 ||   106
       Skin              |       |       |    10 |     7 ||    17
Dodge: Dodged            |    52 |    62 |   103 |   263 ||   480
Block: Buckler           |    33 |    58 |    67 |    37 ||   195

Table legend:
 A = Non-vault XP
 B = Vault XP
 C = Vault XP percentage of total XP
 D = Non-vault monster count
 E = Vault monster count
 F = Vault count percentage of total count
                 A         B        C        D         E       F
            +---------+---------+-------+---------+---------+-------
      Total |   10851 |    5641 |  34.2 |     226 |      59 |  20.7
            +---------+---------+-------+---------+---------+-------
        D:1 |      20 |       0 |   0.0 |      11 |       0 |   0.0
        D:2 |      77 |       0 |   0.0 |      21 |       0 |   0.0
        D:3 |     151 |       0 |   0.0 |      24 |       0 |   0.0
        D:4 |     541 |       0 |   0.0 |      22 |       0 |   0.0
        D:5 |     688 |     210 |  23.4 |      21 |       2 |   8.7
        D:6 |     599 |    3350 |  84.8 |      12 |       6 |  33.3
        D:7 |    1669 |       0 |   0.0 |      40 |       0 |   0.0
        D:8 |    1445 |     417 |  22.4 |      46 |       3 |   6.1
        D:9 |    4567 |    1664 |  26.7 |      27 |      48 |  64.0
     Lair:1 |    1094 |       0 |   0.0 |       2 |       0 |   0.0
            +---------+---------+-------+---------+---------+-------

Levels and vault maps discovered:
D:1:      dpeg_arrival_three_smaller_balls, layout_basic, serial_bayou_ford_a
D:2:      layout_basic, chequers_ecumenical_altar_simple_redux
D:3:      layout_basic, first_ration, cheibriados_altar_1
D:4:      layout_basic, temple_pool_b, serial_shops, shop
D:5:      layout_cave_pods, trog_three_pillars_becter, uniq_duvessa
D:6:      layout_rooms, nicolae_overflow_crystal_walls,
          gammafunk_ghost_cemetery, st_stairs_1, supply_closet_lemuel
D:7:      layout_cave_pods
D:8:      layout_rooms, uniq_grum
D:9:      layout_cave_pods, grunt_lair_entry_orc_guard_hut, zombieorc2_lemuel,
          serial_shops, shop_fountains
Lair:1:   layout_chaotic_city, kennysheep_abandoned_house, grunt_megastairs_4

Table legend:
 A = Turns spent in this place as a percentage of turns spent in the entire game.
 B = Non-inter-level travel turns spent in this place as a percentage of non-inter-level travel turns spent in the entire game.
 C = Inter-level travel turns spent in this place as a percentage of turns spent in this place.
 D = Turns resting spent in this place as a percentage of non-inter-level travel turns spent in this place.
 E = Turns spent auto-exploring this place as a percentage of non-inter-level travel turns spent in this place.
 F = Non-inter-level travel turns spent in this place divided by the number of levels of this place that you've seen.
                   A       B       C       D       E      F
               +-------+-------+-------+-------+-------+----------------------
         Total | 100.0 | 100.0 |   3.5 |  32.1 |  44.4 | 1142.4
       Dungeon |  97.8 |  97.8 |   3.6 |  32.0 |  44.6 | 1241.0
          Lair |   2.2 |   2.2 |   0.0 |  36.9 |  32.9 | 255.0
               +-------+-------+-------+-------+-------+----------------------

Table legend:
 A = Kills in this place as a percentage of kills in entire the game.
 B = Kills by you in this place as a percentage of kills by you in the entire game.
 C = Kills by friends in this place as a percentage of kills by friends in the entire game.
 D = Other kills in this place as a percentage of other kills in the entire game.
 E = Experience gained in this place as a percentage of experience gained in the entire game.
 F = Experience gained in this place divided by the number of levels of this place that you have seen.
                   A       B       C       D       E      F
               +-------+-------+-------+-------+-------+----------------------
         Total | 100.0 | 100.0 | 100.0 |   N/A | 100.0 | 1649.2
       Dungeon |  99.3 |  99.3 | 100.0 |   N/A |  93.4 | 1710.9
          Lair |   0.7 |   0.7 |   0.0 |   N/A |   6.6 | 1094.0
               +-------+-------+-------+-------+-------+----------------------
